 Dungeon Crawl Stone Soup version 0.28-a0-1629-gf728b707aa (webtiles) character file.

Game seed: 13953674857483395389

3 hashsling the Vexing (level 1, -1/10 HPs)
             Began as a Deep Elf Enchanter on Jan 24, 2022.
             Slain by a hobgoblin (5 damage)
             ... on level 1 of the Dungeon.
             The game lasted 00:00:46 (191 turns).

hashsling the Vexing (Deep Elf Enchanter)            Turns: 191, Time: 00:00:47

Health: -1/10      AC:  2    Str:  5    XL:     1   Next: 41%
Magic:  6/6        EV: 12    Int: 19    God:
Gold:   0          SH:  0    Dex: 15    Spells: 6/6 levels left

rFire   . . .      SeeInvis .   a - +1 dagger
rCold   . . .      Faith    .   (no shield)
rNeg    . . .      Spirit   .   b - +0 robe
rPois   .          Reflect  .   (no helmet)
rElec   .          Harm     .   (no cloak)
rCorr   .          Rampage  .   (no gloves)
Will    .....                   (no boots)
Stlth   ++........              (no amulet)
HPRegen 0.03/turn               (no ring)
MPRegen 0.10/turn               (no ring)

@: no status effects
A: no striking features
a: no special abilities


You were on level 1 of the Dungeon.
You visited 1 branch of the dungeon, and saw 1 of its levels.

Inventory:

Hand Weapons
 a - a +1 dagger (weapon)
Armour
 b - a +0 robe (worn)
Potions
 c - a potion of invisibility


   Skills:
 + Level 1.1 Short Blades
 + Level 2.5 Dodging
 + Level 3.7 Stealth
 + Level 3.0 Spellcasting
 + Level 4.0 Hexes


You had 6 spell levels left.
You didn't know any spells.
Your spell library contained the following spells:

 Spells                   Type           Power      Damage    Failure   Level
 Confusing Touch          Hex            18%        N/A       9%          3
 Tukima's Dance           Hex            18%        N/A       9%          3
 Ensorcelled Hibernation  Hex/Ice        20%        N/A       10%         2
 Dazzling Flash           Conj/Hex       20%        N/A       21%         3


Dungeon Overview and Level Annotations

Branches:
Dungeon (1/15)

Altars:


Message History

A hobgoblin comes into view.
You hit the goblin but do no damage. The goblin barely misses you.
You hit the goblin.
The goblin is moderately wounded.
The goblin barely misses you.
You closely miss the goblin.
The goblin is moderately wounded.
The goblin hits you with a +0 dagger.
You hit the goblin. Your punch misses the goblin.
The goblin is severely wounded.
The goblin completely misses you.
You barely miss the goblin.
The goblin is severely wounded.
The goblin misses you.
You hit the goblin.
You kill the goblin!
You closely miss the ball python. The ball python bites you.
The ball python closely misses you.
You closely miss the ball python. The ball python bites you.
The ball python closely misses you.
You hit the ball python.
The ball python is moderately wounded.
The ball python closely misses you. x2
You hit the ball python but do no damage.
The ball python is moderately wounded.
The ball python misses you. The ball python barely misses you.
The ball python bites you. The ball python misses you.
You hit the ball python.
You kill the ball python!
The hobgoblin shouts!
Things that are here:
a +0 dagger; a ball python corpse; a goblin corpse A hobgoblin is nearby!
You are too injured to fight recklessly!
An endoplasm comes into view.
You barely miss the hobgoblin.
The hobgoblin hits you but does no damage.
You completely miss the hobgoblin. The hobgoblin hits you.
Ouch! That really hurt!
You die...

################.#
≈PP≈≈P≈≈.P.≈...#.#
≈PP≈≈≈≈≈≈..≈...#.#
P≈P≈≈≈≈P≈≈≈≈≈P.#.#
≈≈≈≈≈≈≈≈≈≈≈..≈.'.#######
≈≈≈≈≈≈≈≈≈≈.....').......
≈≈≈≈..≈≈≈..P.♣.#.#########
≈.≈.##.≈.###...#.)........
.≈.####.## #####@#########
#### ##########g#
.........# ........##
..###...# ##.J# #... ....
...##


You could see an endoplasm and a hobgoblin.

Vanquished Creatures
  2 goblins (D:1)
  A ball python (D:1)
3 creatures vanquished.

Notes
Turn   | Place    | Note
-------+----------+-------------------------------------------
     0 | D:1      | hashsling the Deep Elf Enchanter began the quest for the
                  | Orb.
     0 | D:1      | Reached XP level 1. HP: 10/10 MP: 6/6
   191 | D:1      | Slain by a hobgoblin

Illustrated notes

Levels and vault maps discovered:
D:1:      lightli_arrival_windingriver, layout_basic,
          ebering_ecumenical_altar_rust, chequers_garden, serial_park_tiny_2,
          minmay_bisected

Action                   || total
-------------------------++-------
Melee: Dagger            ||    21
Armor: Robe              ||     3
Dodge: Dodged            ||    15

Table legend: (Time is in decaauts)
 A = Elapsed time spent in this place.
 B = Non-inter-level travel time spent in this place.
 C = Inter-level travel time spent in this place.
 D = Time resting spent in this place.
 E = Time spent auto-exploring this place.
 F = Levels seen in this place.
 G = Mean time per level.
                   A        B        C        D        E       F      G
               +--------+--------+--------+--------+--------+-----+--------+
         Total |    191 |    191 |      0 |      0 |    158 |   1 |  191.0 |
       Dungeon |    191 |    191 |      0 |      0 |    158 |   1 |  191.0 |
               +--------+--------+--------+--------+--------+-----+--------+

Top non-repeatable levels by time:
     D:1: 191 daAuts
